| TOP OF THE 1ST |
|
Albuquerque Isotopes batting - Pitching for Sacramento River Cats : LHP Tyler Stancil
|
|
Pitching: LHP Tyler Stancil
|
|
|
Batting: RHB Logan Morgan
|
0-0: Called Strike 0-1: Foul Ball, location: 2F 0-2: Strikes out swinging
|
|
Batting: RHB Nate Carrell
|
0-0: Ball 1-0: Called Strike 1-1: Ball 2-1: Ground out 1-3 (Groundball, 13S, EV 66.9 MPH)
|
|
Batting: RHB Ron Johansen
|
0-0: Ground out 5-3 (Groundball, 56, EV 87.5 MPH)
|
| Top of the 1st over - 0 runs, 0 hits, 0 errors, 0 left on base; Albuquerque 0 - Sacramento 0 |
| BOTTOM OF THE 1ST |
|
Sacramento River Cats batting - Pitching for Albuquerque Isotopes : RHP Malibok Fflunker
|
|
Pitching: RHP Malibok Fflunker
|
|
|
Batting: SHB Danny Garcia
|
0-0: Ball 1-0: Ball 2-0: Ball 3-0: Called Strike 3-1: Base on Balls
|
|
Batting: RHB Martin Guerrero
|
0-0: Ball Danny Garcia steals 2nd base 1-0: Ball 2-0: Called Strike 2-1: Ball Danny Garcia steals 3rd base (no throw) 3-1: Called Strike 3-2: Foul Ball, location: 2F 3-2: SINGLE (Groundball, 6MD, EV 95.0 MPH) Danny Garcia scores
|
|
Batting: LHB Nate Conley
|
0-0: Called Strike 0-1: Fly out, F7 (Line Drive, 7, EV 90.0 MPH)
|
|
Batting: RHB Nate Hodson
|
0-0: Called Strike 0-1: Foul Ball, location: 2F 0-2: Foul Ball, location: 2F 0-2: Fly out, F8 (Flyball, 8RD, EV 84.4 MPH)
|
|
Batting: LHB Juan Gonzalez
|
0-0: Called Strike 0-1: Called Strike 0-2: Ball 1-2: Strikes out swinging
|
| Bottom of the 1st over - 1 run, 1 hit, 0 errors, 1 left on base; Albuquerque 0 - Sacramento 1 |
| TOP OF THE 2ND |
|
Albuquerque Isotopes batting - Pitching for Sacramento River Cats : LHP Tyler Stancil
|
|
Batting: RHB Ryan Taylor
|
0-0: Called Strike 0-1: Ball 1-1: Ground out 6-3 (Groundball, 6, EV 89.4 MPH)
|
|
Batting: LHB Tony Morales
|
0-0: Called Strike 0-1: Fly out, F7 (Flyball, 7D, EV 99.4 MPH)
|
|
Batting: RHB Bobby Heagle
|
0-0: Called Strike 0-1: SINGLE (Line Drive, 7S, EV 106.2 MPH)
|
|
Batting: SHB Bradley Barrowcliff
|
0-0: Foul Ball, location: 2F 0-1: Foul Ball, location: 2F 0-2: Ball 1-2: Foul Ball, location: 2F 1-2: Ball 2-2: Foul Ball, location: 2F 2-2: Foul Ball, location: 2F 2-2: Fielders Choice at 2nd, 6-4 (Groundball, 6, EV 84.4 MPH)
|
| Top of the 2nd over - 0 runs, 1 hit, 0 errors, 1 left on base; Albuquerque 0 - Sacramento 1 |
| BOTTOM OF THE 2ND |
|
Sacramento River Cats batting - Pitching for Albuquerque Isotopes : RHP Malibok Fflunker
|
|
Batting: LHB Nick Swank
|
0-0: Called Strike 0-1: Ground out U3 (Groundball, 34, EV 106.2 MPH)
|
|
Batting: SHB Jason Spradling
|
0-0: Ball 1-0: Ball 2-0: Ball 3-0: Called Strike 3-1: SINGLE (Groundball, 4MD, EV 100.0 MPH)
|
|
Batting: LHB Fred Arends
|
0-0: Called Strike 0-1: 2-RUN HOME RUN (Flyball, 7LD, EV 96.2 MPH), Distance : 350 ft
|
|
Batting: RHB Roberto Duron
|
0-0: DOUBLE (Line Drive, 7LS, EV 106.9 MPH)
|
|
Batting: SHB Danny Garcia
|
0-0: Called Strike 0-1: Swinging Strike 0-2: Ball 1-2: Strikes out swinging
|
|
Batting: RHB Martin Guerrero
|
0-0: Swinging Strike 0-1: Foul Ball, location: 2F 0-2: Ball 1-2: Ground out 5-3 (Groundball, 56S, EV 88.8 MPH)
|
| Bottom of the 2nd over - 2 runs, 3 hits, 0 errors, 1 left on base; Albuquerque 0 - Sacramento 3 |
| TOP OF THE 3RD |
|
Albuquerque Isotopes batting - Pitching for Sacramento River Cats : LHP Tyler Stancil
|
|
Batting: LHB Enrique Andrade
|
0-0: Ball 1-0: Ball 2-0: Ball 3-0: Called Strike 3-1: Called Strike 3-2: SINGLE (Popup, 6MD, EV 62.5 MPH)
|
|
Batting: RHB Josh Baker
|
0-0: Ball 1-0: Called Strike 1-1: Reached on error, E1 (Groundball, 15, EV 65.0 MPH) Enrique Andrade to second
|
|
Batting: RHB Logan Morgan
|
0-0: Called Strike 0-1: Ball 1-1: Swinging Strike 1-2: Foul Ball, location: 2F 1-2: Strikes out looking
|
|
Batting: RHB Nate Carrell
|
0-0: Fly out, F8 (Flyball, 8RM, EV 83.1 MPH)
|
|
Batting: RHB Ron Johansen
|
0-0: Ball 1-0: Swinging Strike 1-1: Foul Ball, location: 2F 1-2: Ball 2-2: Strikes out swinging
|
| Top of the 3rd over - 0 runs, 1 hit, 1 error, 2 left on base; Albuquerque 0 - Sacramento 3 |
| BOTTOM OF THE 3RD |
|
Sacramento River Cats batting - Pitching for Albuquerque Isotopes : RHP Malibok Fflunker
|
|
Batting: LHB Nate Conley
|
0-0: Called Strike 0-1: Foul Ball, location: 2F 0-2: Ball 1-2: Foul Ball, location: 2F 1-2: Strikes out swinging
|
|
Batting: RHB Nate Hodson
|
0-0: Called Strike 0-1: Foul Ball, location: 2F 0-2: SINGLE (Groundball, 6MD, EV 98.8 MPH)
|
|
Batting: LHB Juan Gonzalez
|
0-0: Ball 1-0: Foul Ball, location: 2F 1-1: Ball 2-1: Swinging Strike 2-2: Foul Ball, location: 2F 2-2: Grounds into double play, 5-4-3 (Groundball, 56, EV 86.9 MPH)
|
| Bottom of the 3rd over - 0 runs, 1 hit, 0 errors, 0 left on base; Albuquerque 0 - Sacramento 3 |
| TOP OF THE 4TH |
|
Albuquerque Isotopes batting - Pitching for Sacramento River Cats : LHP Tyler Stancil
|
|
Batting: RHB Ryan Taylor
|
0-0: SINGLE (Flyball, 5D, EV 81.2 MPH)
|
|
Batting: LHB Tony Morales
|
0-0: Ball 1-0: Ball 2-0: Ball 3-0: Base on Balls Ryan Taylor to second
|
|
Batting: RHB Bobby Heagle
|
0-0: Ball 1-0: Ball 2-0: Called Strike 2-1: Foul Ball, location: 2F 2-2: Ball 3-2: Strikes out swinging
|
|
Batting: SHB Bradley Barrowcliff
|
0-0: Grounds into double play, 5-4-3 (Groundball, 56S, EV 86.9 MPH)
|
| Top of the 4th over - 0 runs, 1 hit, 0 errors, 1 left on base; Albuquerque 0 - Sacramento 3 |
| BOTTOM OF THE 4TH |
|
Sacramento River Cats batting - Pitching for Albuquerque Isotopes : RHP Malibok Fflunker
|
|
Batting: LHB Nick Swank
|
0-0: Ball 1-0: SINGLE (Groundball, 34D, EV 95.6 MPH)
|
|
Batting: SHB Jason Spradling
|
0-0: Ball 1-0: Ball 2-0: Ball 3-0: Called Strike 3-1: Foul Ball, location: 2F 3-2: Strikes out swinging
|
|
Batting: LHB Fred Arends
|
0-0: SINGLE (Groundball, 34S, EV 73.1 MPH) (infield hit) Nick Swank to second
|
|
Batting: RHB Roberto Duron
|
0-0: Ball 1-0: Called Strike 1-1: Foul Ball, location: 2F 1-2: Strikes out swinging
|
|
Batting: SHB Danny Garcia
|
0-0: Called Strike 0-1: Ball 1-1: Hit by Pitch Nick Swank to third Fred Arends to second
|
|
Batting: RHB Martin Guerrero
|
0-0: Ball 1-0: Swinging Strike 1-1: DOUBLE (Groundball, 5L, EV 98.8 MPH) Nick Swank scores Fred Arends scores Danny Garcia to third Runner from 3rd tries for Home, SAFE, no throw by LF
|
|
Pitching: RHP Brendan Reeves
|
|
|
Batting: LHB Nate Conley
|
0-0: Ball 1-0: Called Strike 1-1: SINGLE (Line Drive, 7LS, EV 104.4 MPH) Martin Guerrero to third Runner from 3rd tries for Home, SAFE, throw by LF to home
|
|
Batting: RHB Nate Hodson
|
0-0: Ball 1-0: Ball 2-0: Called Strike 2-1: Fly out, F6 (Popup, 6, EV 57.5 MPH)
|
| Bottom of the 4th over - 4 runs, 4 hits, 0 errors, 1 left on base; Albuquerque 0 - Sacramento 7 |
| TOP OF THE 5TH |
|
Albuquerque Isotopes batting - Pitching for Sacramento River Cats : LHP Tyler Stancil
|
|
Batting: LHB Enrique Andrade
|
0-0: Ball 1-0: Ball 2-0: Called Strike 2-1: Foul Ball, location: 2F 2-2: Foul Ball, location: 2F 2-2: Foul Ball, location: 2F 2-2: Ball 3-2: Base on Balls
|
|
Batting: RHB Josh Baker
|
0-0: Ball 1-0: Foul Ball, location: 2F 1-1: Called Strike 1-2: Foul Ball, location: 2F 1-2: Ball 2-2: Foul Ball, location: 2F 2-2: Strikes out swinging
|
|
Batting: RHB Logan Morgan
|
0-0: Ball 1-0: Ball 2-0: Grounds into double play, 6-4-3 (Groundball, 6, EV 100.6 MPH)
|
| Top of the 5th over - 0 runs, 0 hits, 0 errors, 0 left on base; Albuquerque 0 - Sacramento 7 |
| BOTTOM OF THE 5TH |
|
Sacramento River Cats batting - Pitching for Albuquerque Isotopes : RHP Brendan Reeves
|
|
Batting: LHB Juan Gonzalez
|
0-0: Called Strike 0-1: Swinging Strike 0-2: Ball 1-2: SINGLE (Flyball, 3D, EV 90.0 MPH)
|
|
Batting: LHB Nick Swank
|
0-0: Foul Ball, location: 2F 0-1: Ball 1-1: Fielders Choice at 2nd, 4-6 (Groundball, 34D, EV 91.2 MPH)
|
|
Batting: SHB Jason Spradling
|
0-0: Called Strike 0-1: Fly out, F8 (Flyball, 78XD, EV 105.6 MPH)
|
|
Batting: LHB Fred Arends
|
0-0: Called Strike 0-1: Ball 1-1: Ground out 3-1 (Groundball, 34, EV 87.5 MPH)
|
| Bottom of the 5th over - 0 runs, 1 hit, 0 errors, 1 left on base; Albuquerque 0 - Sacramento 7 |
| TOP OF THE 6TH |
|
Albuquerque Isotopes batting - Pitching for Sacramento River Cats : LHP Tyler Stancil
|
|
Batting: RHB Nate Carrell
|
0-0: Called Strike 0-1: Ball 1-1: Foul Ball, location: 2F 1-2: Fly out, F4 (Popup, 34D, EV 70.0 MPH)
|
|
Batting: RHB Ron Johansen
|
0-0: Ground out 6-3 (Groundball, 4MS, EV 84.4 MPH)
|
|
Batting: RHB Ryan Taylor
|
0-0: Called Strike 0-1: Ball 1-1: Called Strike 1-2: Fly out, F7 (Flyball, 7, EV 85.0 MPH)
|
| Top of the 6th over - 0 runs, 0 hits, 0 errors, 0 left on base; Albuquerque 0 - Sacramento 7 |
| BOTTOM OF THE 6TH |
|
Sacramento River Cats batting - Pitching for Albuquerque Isotopes : RHP Brendan Reeves
|
|
Batting: RHB Roberto Duron
|
0-0: Fly out, F2 (Popup, 23F, EV 85.6 MPH)
|
|
Batting: SHB Danny Garcia
|
0-0: SINGLE (Groundball, 5L, EV 78.1 MPH) (infield hit)
|
|
Batting: RHB Martin Guerrero
|
0-0: Called Strike 0-1: Foul Ball, location: 2F 0-2: Ball 1-2: Foul Ball, location: 2F 1-2: SINGLE (Groundball, 15S, EV 66.2 MPH) (infield hit) Danny Garcia to second
|
|
Batting: LHB Nate Conley
|
0-0: Ball 1-0: Ball 2-0: Fly out, F3 (Popup, 23F, EV 87.5 MPH)
|
|
Batting: RHB Nate Hodson
|
0-0: Ball 1-0: Called Strike 1-1: Ball 2-1: SINGLE (Groundball, 6MD, EV 96.9 MPH) Danny Garcia to third Martin Guerrero to second Runner from 3rd tries for Home, SAFE, throw by CF to home
|
|
Batting: LHB Juan Gonzalez
|
0-0: Foul Ball, location: 2F 0-1: Swinging Strike 0-2: Ball 1-2: Foul Ball, location: 2F 1-2: Ball 2-2: Strikes out swinging
|
| Bottom of the 6th over - 1 run, 3 hits, 0 errors, 2 left on base; Albuquerque 0 - Sacramento 8 |
| TOP OF THE 7TH |
|
Albuquerque Isotopes batting - Pitching for Sacramento River Cats : LHP Tyler Stancil
|
|
Batting: LHB Tony Morales
|
0-0: Foul Ball, location: 2F 0-1: Foul Ball, location: 2F 0-2: Fly out, F8 (Flyball, 8RM, EV 89.4 MPH)
|
|
Batting: RHB Bobby Heagle
|
0-0: Ball 1-0: Ground out 2-3 (Groundball, 15S, EV 71.9 MPH)
|
|
Batting: SHB Bradley Barrowcliff
|
0-0: Ball 1-0: Ball 2-0: DOUBLE (Flyball, 8RXD, EV 98.1 MPH)
|
|
Batting: LHB Enrique Andrade
|
0-0: Ball 1-0: Ball 2-0: Called Strike 2-1: Foul Ball, location: 2F 2-2: Foul Ball, location: 2F 2-2: Ball 3-2: Ground out 5-3 (Groundball, 56S, EV 63.8 MPH)
|
| Top of the 7th over - 0 runs, 1 hit, 0 errors, 1 left on base; Albuquerque 0 - Sacramento 8 |
| BOTTOM OF THE 7TH |
|
Sacramento River Cats batting - Pitching for Albuquerque Isotopes : RHP Brendan Reeves
|
|
Batting: LHB Nick Swank
|
0-0: Ball 1-0: Foul Ball, location: 2F 1-1: Ball 2-1: Ball 3-1: Called Strike 3-2: Foul Ball, location: 2F 3-2: Base on Balls
|
|
Pitching: LHP Jorge Segarra
|
|
|
Pinch Hitting: RHB John Shaffer
|
0-0: Ball 1-0: Ball 2-0: Foul Ball, location: 2F 2-1: Fly out, F8 (Line Drive, 8RM, EV 108.8 MPH)
|
|
Batting: LHB Fred Arends
|
0-0: Grounds into double play, 6-4-3 (Groundball, 6M, EV 86.2 MPH)
|
| Bottom of the 7th over - 0 runs, 0 hits, 0 errors, 0 left on base; Albuquerque 0 - Sacramento 8 |
| TOP OF THE 8TH |
|
Albuquerque Isotopes batting - Pitching for Sacramento River Cats : LHP Tyler Stancil
|
|
Now at 3B: John Shaffer
|
|
|
Batting: RHB Josh Baker
|
0-0: Called Strike 0-1: Ball 1-1: Ball 2-1: Ball 3-1: Foul Ball, location: 2F 3-2: Foul Ball, location: 2F 3-2: Ground out 6-3 (Groundball, 6, EV 89.4 MPH)
|
|
Pitching: RHP Taiji Morita
|
|
|
Batting: RHB Logan Morgan
|
0-0: Ball 1-0: Called Strike 1-1: Foul Ball, location: 2F 1-2: Ball 2-2: Foul Ball, location: 2F 2-2: Ball 3-2: Foul Ball, location: 2F 3-2: Foul Ball, location: 2F 3-2: Fly out, F9 (Flyball, 89D, EV 103.1 MPH)
|
|
Batting: RHB Nate Carrell
|
0-0: Swinging Strike 0-1: Ball 1-1: Ball 2-1: Fly out, F6 (Popup, 6D, EV 57.5 MPH)
|
| Top of the 8th over - 0 runs, 0 hits, 0 errors, 0 left on base; Albuquerque 0 - Sacramento 8 |
| BOTTOM OF THE 8TH |
|
Sacramento River Cats batting - Pitching for Albuquerque Isotopes : LHP Jorge Segarra
|
|
Batting: RHB Roberto Duron
|
0-0: Ground out 6-3 (Groundball, 56, EV 81.9 MPH)
|
|
Batting: SHB Danny Garcia
|
0-0: Ball 1-0: Swinging Strike 1-1: Foul Ball, location: 2F 1-2: Foul Ball, location: 2F 1-2: Ball 2-2: Fly out, F9 (Flyball, 9LM, EV 99.4 MPH)
|
|
Batting: RHB Martin Guerrero
|
0-0: Ball 1-0: Ball 2-0: Called Strike 2-1: Ball 3-1: SINGLE (Groundball, 6MD, EV 102.5 MPH)
|
|
Pinch Hitting: LHB Dave Talbert
|
0-0: Called Strike 0-1: Ball 1-1: Ball 2-1: Ball 3-1: DOUBLE (Flyball, 8RXD, EV 96.9 MPH) Martin Guerrero to third Runner from 3rd tries for Home, SAFE, throw by CF to home
|
|
Batting: RHB Nate Hodson
|
0-0: Called Strike 0-1: Swinging Strike 0-2: Ball 1-2: Strikes out swinging
|
| Bottom of the 8th over - 1 run, 2 hits, 0 errors, 1 left on base; Albuquerque 0 - Sacramento 9 |
| TOP OF THE 9TH |
|
Albuquerque Isotopes batting - Pitching for Sacramento River Cats : RHP Taiji Morita
|
|
Now at 1B: Dave Talbert
|
|
|
Batting: RHB Ron Johansen
|
0-0: Ball 1-0: Swinging Strike 1-1: Ball 2-1: Foul Ball, location: 2F 2-2: Ball 3-2: Foul Ball, location: 2F 3-2: TRIPLE (Flyball, 89XD, EV 109.4 MPH)
|
|
Batting: RHB Ryan Taylor
|
0-0: Foul Ball, location: 2F 0-1: SINGLE (Line Drive, 78M, EV 99.4 MPH) Ron Johansen scores
|
|
Batting: LHB Tony Morales
|
0-0: DOUBLE (Flyball, 89D, EV 98.8 MPH) Ryan Taylor to third
|
|
Batting: RHB Bobby Heagle
|
0-0: Called Strike 0-1: Ball 1-1: Foul Ball, location: 2F 1-2: Ball 2-2: SINGLE (Groundball, 4MD, EV 98.1 MPH) Ryan Taylor scores Tony Morales to third
|
|
Batting: SHB Bradley Barrowcliff
|
0-0: Called Strike 0-1: Ball 1-1: Fielders Choice at 2nd, 1-6 (Groundball, 13, EV 69.4 MPH)
|
|
Batting: LHB Enrique Andrade
|
0-0: Reached on error, E5 (Groundball, 56S, EV 91.2 MPH) Tony Morales scores Bradley Barrowcliff to second
|
|
Batting: RHB Josh Baker
|
0-0: Foul Ball, location: 2F 0-1: Ball 1-1: Swinging Strike 1-2: Ball 2-2: Grounds into double play, 4-6-3 (Groundball, 4M, EV 77.5 MPH)
|
| Top of the 9th over - 3 runs, 4 hits, 1 error, 1 left on base; Albuquerque 3 - Sacramento 9 |
|